 Dungeon Crawl Stone Soup version 0.20.1-1-g8b1a95d (webtiles) character file.

49 Tr0llz0r the Skirmisher (level 3, 0/29 HPs)
             Began as a Demonspawn Abyssal Knight on Nov 3, 2017.
             Was a Follower of Lugonu.
             Slain by a gnoll
             ... wielding a +0 whip
              (4 damage)
             ... on level 2 of the Dungeon.
             The game lasted 00:05:31 (1304 turns).

Tr0llz0r the Skirmisher (Demonspawn Abyssal Knight) Turns: 1304, Time: 00:05:32

Health: 0/29       AC:  6    Str: 13    XL:     3   Next: 53%
Magic:  4/4        EV:  9    Int: 13    God:    Lugonu [*.....]
Gold:   32         SH:  0    Dex: 12    Spells: 2/2 levels left

rFire    + . .     SeeInvis .   a - +1 falchion
rCold    + . .     Gourm    .   (no shield)
rNeg     . . .     Faith    .   f - +0 scale mail
rPois    +         Spirit   .   (no helmet)
rElec    +         Reflect  .   (no cloak)
rCorr    +         Harm     .   (no gloves)
MR       .....                  (no boots)
Stlth    ..........             (no amulet)
Regen    0.1/turn               j - ring of resist corrosion
MPRegen  0.1/turn               (no ring)

@: resistant
A: powered by death 1
a: Depart the Abyss, Renounce Religion


You were on level 2 of the Dungeon.
You worshipped Lugonu.
Lugonu was aware of your devotion.
You were not hungry.

You visited 1 branch of the dungeon, and saw 2 of its levels.
You visited the Abyss 1 time.

You collected 32 gold pieces.

Inventory:

Hand Weapons
 a - a +1 falchion (weapon)
Armour
 f - a +0 scale mail (worn)
Jewellery
 j - a ring of resist corrosion (left hand)
 p - an uncursed ring of loudness
Scrolls
 e - a scroll of teleportation
Potions
 b - a potion of mutation
 h - a potion of heal wounds {unknown}
 n - a potion of brilliance {unknown}
Comestibles
 c - a bread ration
 g - a meat ration
 k - a royal jelly


   Skills:
 + Level 3.5 Fighting
 + Level 2.4 Long Blades
 + Level 2.5 Armour
 + Level 0.8 Dodging
 + Level 0.2 Stealth
 + Level 2.5 Invocations


You had 2 spell levels left.
You didn't know any spells.

Dungeon Overview and Level Annotations

Branches:
Dungeon (2/15)

Altars:


Innate Abilities, Weirdness & Mutations

You regenerate a little health from kills.


Message History

The gnoll hits you with a dagger.
The gnoll hits you from afar with a spear.
The adder barely misses you. The gnoll hits you with a dagger!
The gnoll barely misses you.
You riposte.
You barely miss the gnoll. You closely miss the adder.
The adder bites you but does no damage. The gnoll hits you but does no damage.
The goblin hits you with a dagger. The gnoll hits you with a whip.
The gnoll barely misses you. The adder bites you but does no damage.
You barely miss the adder. The gnoll completely misses you.
The adder barely misses you.
You riposte.
You miss the adder. The goblin barely misses you. The gnoll barely misses you.
The gnoll hits you with a dagger.
* * * LOW HITPOINT WARNING * * *
The gnoll hits you from afar with a spear.
* * * LOW HITPOINT WARNING * * *
It was a potion of resistance.
You feel protected. The adder bites you but does no damage.
The goblin misses you. The gnoll hits you with a whip.
You die...

.........,,,,,,,*#...............
................*#...............
,,,,,,,,,.......##...............
**+*,,,,,?......+................
**,*,,,,,.......###..............
**,*,*,,,#......###...........##.
**,*,,,,,.......+......####......
,*,,,,,,,......g#.........#......
,*,,,,,,,......g@.........+......
,**,,,,,,.##...gS.........#......
,,,,,,,,,.....g...........#...#..
,,*,***,,......##................
,,*,,,,,,......*#................
,,*,,,,,,......*#########........
,,*,,,,,,.....,*****,,,,,######..
,,*,,,,,,.....,,,,,,,,,,,,,,...##
,,*,,,,,,,,,,,,,,,,*,,,,,,.....,,


You could see 3 gnolls, an adder and a goblin.

Vanquished Creatures
  3 adders (D:2)
  A dart slug (D:1)
  A leopard gecko (D:1)
  A giant cockroach (D:1)
  3 goblins
  4 hobgoblins
  A bat (D:2)
  5 kobolds
  3 rats
22 creatures vanquished.

Notes
Turn   | Place    | Note
-------+----------+-------------------------------------------
     0 | Abyss:1  | Tr0llz0r the Demonspawn Abyssal Knight began the quest for the Orb.
     0 | Abyss:1  | Reached XP level 1. HP: 18/18 MP: 2/2
    37 | Abyss:1  | Noticed a ynoxinul
    46 | D:1      | Escaped the Abyss
   221 | D:1      | Reached * piety under Lugonu
   361 | D:1      | Gained mutation: You regenerate a little health from kills. [demonic ancestry]
   361 | D:1      | Reached XP level 2. HP: 21/24 MP: 3/3
  1166 | D:2      | Reached XP level 3. HP: 29/29 MP: 4/4
  1304 | D:2      | Slain by a gnoll

Skill      XL: |  1  2 |
---------------+-------+-----
Long Blades    | 2 |  2.4
Armour         | 2 |  2.5
Fighting       | |  3.5
Dodging        | |  0.8
Stealth        | |  0.2
Invocations    | |  2.5

Action                   || total
-------------------------++-------
Melee: Falchion          ||    92
Invok: Depart the Abyss  ||     1
  Use: Scroll            ||     7
       Potion            ||     1
  Eat: Bread ration      ||     1
Armor: Scale mail        ||    60
       Leather armour    ||     2
Dodge: Dodged            ||    58
       Rpst.: Falchion   ||    16
